 Dungeon Crawl Stone Soup version 0.25-a0-591-g2ad0d861f1 (webtiles) character file.

Game seed: 1657257673915402722, levelgen mode: deterministic

543288 ipx the Bludgeoner (level 24, -28/163 HPs)
             Began as a Gargoyle Gladiator on Mar 14, 2020.
             Was the Champion of Okawaru.
             Annihilated by an Orb Guardian (41 damage)
             ... on level 4 of the Realm of Zot.
             The game lasted 06:42:44 (25536 turns).

ipx the Bludgeoner (Gargoyle Gladiator)            Turns: 25536, Time: 06:42:44

Health: -28/163    AC: 61    Str: 32    XL:     24   Next: 96%
Magic:  34/34      EV: 23    Int: 14    God:    Okawaru [******]
Gold:   678        SH:  0    Dex: 15    Spells: 23/23 levels left

rFire    . . .     SeeInvis +   a - +9 great mace (vorpal)
rCold    + . .     Gourm    .   (shield currently unavailable)
rNeg     + + .     Faith    +   Q - +1 crystal plate armour "Coeh" {Str+4}
rPois    ∞         Spirit   .   r - +2 helmet {SInv}
rElec    +         Reflect  .   q - scarf {repulsion}
rCorr    .         Harm     .   S - +0 pair of gloves of the Equinox {rN+ Regen+ Str+5 Int+4}
MR       +....                  B - +2 pair of boots {run}
Stlth    ..........             k - amulet of faith
HPRegen  0.77/turn              v - ring of Unecruwn {+Inv rElec rC+ AC+2 SInv}
MPRegen  0.24/turn              s - +5 ring of evasion

@: mighty, heroism, flying, repel missiles, quick
A: big wings, blink, high mp 1, negative energy resistance 1, electricity
resistance, weak 1, unbreathing, evolution 1, petrification resistance, rot
immunity, AC +18
}: 5/15 runes: barnacled, slimy, silver, abyssal, gossamer
a: Stop Flying, Blink, Heroism, Finesse, Renounce Religion, Evoke Invisibility


You were on level 4 of the Realm of Zot.
You worshipped Okawaru.
Okawaru was exalted by your worship.
You were full.

You visited 11 branches of the dungeon, and saw 55 of its levels.
You visited the Abyss 1 time.
You visited 1 bazaar.
You also visited: Ossuary and Ice Cave.

You collected 3995 gold pieces.
You spent 3317 gold pieces at shops.

Inventory:

Hand Weapons
 a - a +9 vorpal great mace (weapon)
 b - a +5 longbow of freezing
 w - a +2 antimagic eveningstar
Missiles
 R - 1444 arrows
Armour
 q - a scarf of repulsion (worn)
 r - a +2 helmet of see invisible (worn)
 B - a +2 pair of boots of running (worn)
 L - the +7 Kryia's mail coat {PotionHeal*2 rC+}
   (You found it on level 6 of the Lair of Beasts)

   It protects you from cold.
 Q - the +1 crystal plate armour "Coeh" (worn) {Str+4}
   (You found it on level 3 of the Elven Halls)

   It affects your strength (+4).
 S - the +0 pair of gloves of the Equinox (worn) {rN+ Regen+ Str+5 Int+4}
   (Okawaru gifted it to you on level 14 of the Dungeon)

   It affects your strength (+5).
   It affects your intelligence (+4).
   It protects you from negative energy.
   It increases your rate of regeneration.
Jewellery
 c - a ring of the Octopus King {rC+ AC+1 EV+1 Str+1 Int+1 Dex+1}
   (You found it on level 5 of the Pits of Slime)

   [ring of protection from cold]

   It affects your AC (+1).
   It affects your evasion (+1).
   It affects your strength (+1).
   It affects your intelligence (+1).
   It affects your dexterity (+1).
   It protects you from cold.
 f - an uncursed ring of protection from fire
 k - an amulet of faith (around neck)
 m - an uncursed ring of protection from magic
 s - a +5 ring of evasion (right hand)
 t - an uncursed ring of positive energy
 v - the ring of Unecruwn (left hand) {+Inv rElec rC+ AC+2 SInv}
   (You bought it in a shop on level 8 of the Dungeon)

   [ring of protection]

   It affects your AC (+2).
   It protects you from cold.
   It insulates you from electricity.
   It lets you see invisible.
   It lets you turn invisible.
 z - an uncursed ring of resist corrosion
Wands
 d - a wand of enslavement (12)
 j - a wand of acid (9)
 u - a wand of iceblast (37)
 y - a wand of paralysis (10)
 X - a wand of digging (8)
Scrolls
 e - 5 scrolls of silence
 g - 15 scrolls of remove curse
 l - 8 scrolls of teleportation
 o - 5 scrolls of blinking
 E - a scroll of magic mapping
 F - 5 scrolls of immolation
 G - a scroll of summoning
 I - a scroll of fear
 K - a scroll of holy word
 O - 6 scrolls of enchant armour
 T - 4 scrolls of fog
 Z - 3 scrolls of identify
Potions
 h - 4 potions of heal wounds
 i - 5 potions of haste
 n - 4 potions of magic
 A - 2 potions of ambrosia
 J - 4 potions of mutation
 M - 2 potions of cancellation
 N - 3 potions of resistance
 U - 2 potions of curing
 V - 3 potions of might
 Y - 4 potions of lignification
Miscellaneous
 p - a sack of spiders
 D - a box of beasts
 P - a lamp of fire
 W - 3 phantom mirrors
Comestibles
 H - 36 rations


   Skills:
 - Level 20.0(25.0) Fighting
 - Level 20.0(25.0) Maces & Flails
 - Level 20.0(25.0) Bows
 - Level 3.0(8.0) Throwing
 - Level 20.0(25.0) Armour
 + Level 13.4(18.4) Dodging
 + Level 11.1 Invocations
 - Level 8.0 Evocations


You had 23 spell levels left.
You didn't know any spells.
Your spell library contained the following spells:

 Spells                   Type           Power        Failure   Level  Hunger
 Animate Skeleton         Necr           N/A          85%         1    ##.....
 Beastly Appendage        Tmut           #.....       85%         1    ##.....
 Corona                   Hex            #......      85%         1    ##.....
 Magic Dart               Conj           #...         85%         1    ##.....
 Pain                     Necr           #...         85%         1    ##.....
 Shock                    Conj/Air       #...         85%         1    ##.....
 Sting                    Tmut/Pois      #...         85%         1    ##.....
 Summon Butterflies       Summ           #.......     85%         1    ##.....
 Blink                    Tloc           N/A          94%         2    ###....
 Call Imp                 Summ           #.......     94%         2    ###....
 Corpse Rot               Necr/Air       N/A          94%         2    ###....
 Ensorcelled Hibernation  Hex/Ice        #.....       94%         2    ###....
 Passwall                 Tmut/Erth      #.......     94%         2    ###....
 Poisonous Vapours        Pois/Air       #.....       94%         2    ###....
 Shroud of Golubria       Chrm/Tloc      #.....       94%         2    ###....
 Slow                     Hex            #.......     94%         2    ###....
 Sticks to Snakes         Tmut           #.......     94%         2    ###....
 Swiftness                Chrm/Air       #.......     94%         2    ###....
 Call Canine Familiar     Summ           #.......     99%         3    ####...
 Confusing Touch          Hex            #.......     99%         3    ####...
 Conjure Flame            Conj/Fire      #.......     99%         3    ####...
 Dazzling Flash           Conj/Hex       #.....       99%         3    ####...
 Gell's Gravitas          Tloc           #.........   99%         3    ####...
 Ignite Poison            Fire/Tmut/Pois #.......     99%         3    ####...
 Inner Flame              Hex/Fire       #.......     99%         3    ####...
 Lesser Beckoning         Tloc           #.........   99%         3    ####...
 Mephitic Cloud           Conj/Pois/Air  #.......     99%         3    ####...
 Ozocubu's Armour         Chrm/Ice       #.......     99%         3    ####...
 Portal Projectile        Hex/Tloc       #.....       99%         3    ####...
 Spider Form              Tmut/Pois      #.........   99%         3    ####...
 Static Discharge         Conj/Air       #.......     99%         3    ####...
 Stone Arrow              Conj/Erth      #.....       99%         3    ####...
 Teleport Other           Tloc           #.......     99%         3    ####...
 Tukima's Dance           Hex            #.......     99%         3    ####...
 Vampiric Draining        Necr           #.........   99%         3    ####...
 Airstrike                Air            #.........   100%        4    #####..
 Animate Dead             Necr           N/A          100%        4    #####..
 Dispel Undead            Necr           #.......     100%        4    #####..
 Ice Form                 Ice/Tmut       #.......     100%        4    #####..
 Olgreb's Toxic Radiance  Pois           #.......     100%        4    #####..
 Passage of Golubria      Tloc           N/A          100%        4    #####..
 Petrify                  Tmut/Erth      #.......     100%        4    #####..
 Summon Ice Beast         Ice/Summ       #.......     100%        4    #####..
 Agony                    Necr           #.......     100%        5    ######.
 Alistair's Intoxication  Tmut/Pois      #.......     100%        5    ######.
 Aura of Abjuration       Summ           #.........   100%        5    ######.
 Blade Hands              Tmut           #.........   100%        5    ######.
 Bolt of Magma            Conj/Fire/Erth #.........   100%        5    ######.
 Borgnjor's Vile Clutch   Necr/Erth      #.........   100%        5    ######.
 Excruciating Wounds      Chrm/Necr      #.........   100%        5    ######.
 Irradiate                Conj/Tmut      #.........   100%        5    ######.
 Iskenderun's Battlesphe  Conj/Chrm      #.......     100%        5    ######.
 Lee's Rapid Deconstruct  Erth           #.........   100%        5    ######.
 Lightning Bolt           Conj/Air       #.........   100%        5    ######.
 Metabolic Englaciation   Hex/Ice        #.........   100%        5    ######.
 Summon Forest            Summ/Tloc      #.........   100%        5    ######.
 Summon Mana Viper        Hex/Summ       #.......     100%        5    ######.
 Yara's Violent Unravell  Hex/Tmut       #.........   100%        5    ######.
 Darkness                 Hex            #.........   100%        6    #######
 Deflect Missiles         Chrm/Air       #.........   100%        6    #######
 Dispersal                Tloc           #.........   100%        6    #######
 Eringya's Noxious Bog    Tmut/Pois      #.........   100%        6    #######
 Freezing Cloud           Conj/Ice/Air   #.........   100%        6    #######
 Hydra Form               Tmut           #.........   100%        6    #######
 Invisibility             Hex            #.......     100%        6    #######
 Iron Shot                Conj/Erth      #.........   100%        6    #######
 Ozocubu's Refrigeration  Ice            #.........   100%        6    #######
 Simulacrum               Ice/Necr       #.........   100%        6    #######
 Dragon Form              Tmut           #.........   100%        7    #######
 Orb of Destruction       Conj           #.........   100%        7    #######
 Spellforged Servitor     Conj/Summ      #.........   100%        7    #######
 Summon Hydra             Summ           #.........   100%        7    #######
 Controlled Blink         Tloc           N/A          100%        8    #######
 Disjunction              Tloc           #.........   100%        8    #######
 Sublimation of Blood     Necr           Unusable     N/A         2    N/A
 Statue Form              Tmut/Erth      Unusable     N/A         6    N/A

Dungeon Overview and Level Annotations

Branches:
Dungeon (15/15)            Temple (1/1) D:4            Lair (6/6) D:11
 Shoals (4/4) Lair:2       Spider (4/4) Lair:2        Slime (5/5) Lair:5
    Orc (2/2) D:12            Elf (3/3) Orc:2        Vaults (5/5) D:14
  Crypt (0/3) Vaults:2     Depths (5/5) D:15            Zot (5/5) Depths:5
Ossuary (visited)           IceCv (visited)

Altars:
Cheibriados
Dithmenos
Fedhas
Gozag
Hepliaklqana
Kikubaaqudgha
Makhleb
Nemelex Xobeh
Okawaru
Qazlal
Ru
Sif Muna
Trog
Uskayaw
Vehumet
Wu Jian
Xom
Yredelemnul
Zin
The Shining One
Jiyva

Shops:
D:8 =   D:11 *   Orc:2 %*(}   Vaults:5 [}   Depths:5 }

Portals:
Hell: Depths:1 Depths:3 Depths:4
Abyss: Depths:2 Depths:4
Ziggurat: Depths:1
Trove: D:13 (give +7 demon whip)

Annotations:
D:15 Roxanne
Lair:2 exclusion: oklob plant
Depths:1 3 runed translucent doors


Innate Abilities, Weirdness & Mutations

You are resistant to torment.
Your stone body is resilient. (AC +18)
You are immune to poison.
Your large and strong wings let you fly indefinitely.
You resist negative energy. (rN+)
You are resistant to electric shocks. (rElec)
You can survive without breathing.
You are immune to petrification.
You are immune to rotting.
You can translocate small distances at will.
You have an increased reservoir of magic. (+10% MP)
You are weak. (Str -2)
You evolve.


Message History

The Orb Guardian is almost dead.
You hear a deafening roar!
The Orb Guardian hits you but does no damage.
The moth of wrath bites you but does no damage.
You closely miss the Orb Guardian.
The Orb Guardian is almost dead.
The Orb Guardian hits you!!!
* * * LOW HITPOINT WARNING * * *
Your blink will be uncontrolled - continue anyway?
The Orb prevents control of your translocation!
You blink.
As you read the scroll of blinking, it crumbles to dust.
The Orb Guardian hits you but does no damage.
Your blink will be uncontrolled - continue anyway?
The Orb prevents control of your translocation!
You blink.
As you read the scroll of blinking, it crumbles to dust.
Your hands slow down.
The Orb Guardian hits you!!!
You die...

#..# *,,** **,
#..#############
*,,,***^,
##.^............##
**,,,*,,,
*#................##
**,,,,,*
#...############...##
**,,,** ...#* ##...##
**,,,* ..#* ##$....#*
**,,* .#* ##y§.#...#*
*,,* #* ##XX@###...#*
*,,* * ******* #.§.##
*#...# *,,*
***,,,,,***#####
*#..# *,,*
**,,,,,,,,,*** *..#
*,,* ,,,,,,,,,,,,,*
*,.#*****,,,
,,,,,,,,,,,,,**
*,,,,,,,,,,,
,,,,,,,,,,,,,,*
*,,,,,,,,,,*
,,,,,,,,,,,,,,**
*,,******,,*
,,,,,,,,,,,,,,,* *,,*
*,,*


You could see 2 Orb Guardians and a moth of wrath.

Vanquished Creatures
  the Royal Jelly (Slime:5)
  Bai Suzhen (Vaults:5)
  A curse toe (Zot:5)
  A caustic shrike (Depths:1)
  Saint Roka (Vaults:4)
  3 golden dragons
  A hellephant (Abyss:3)
  8 tentacled monstrosities
  Jorgrun (Orc:1)
  9 Orb Guardians
  A lich (Vaults:5)
  3 deep elf blademasters
  2 deep elf master archers (Elf:3)
  Asterion (Vaults:1)
  2 titans
  12 acid blobs
  A death cob (Zot:1)
  A quicksilver dragon (Vaults:5)
  2 tentacled starspawn
  2 Executioners
  A storm dragon (shapeshifter) (Vaults:4)
  A kraken (Shoals:4)
  2 sphinxes (Vaults:5)
  4 shadow dragons
  4 tengu reavers (Vaults:5)
  6 storm dragons
  9 azure jellies
  8 fire giants
  A draconian knight (Zot:2)
  6 frost giants
  A ghost moth (shapeshifter) (Vaults:5)
  2 draconian monks
  2 ghost moths (Spider:4)
  An iron dragon (Vaults:5)
  4 deep elf sorcerers
  6 vault wardens
  A ghoul (Vaults:2)
  3 cacodemons (Abyss:4)
  3 emperor scorpions (Spider:4)
  34 large abominations
  Louise (Spider:4)
  8 deep elf elementalists
  2 draconian shifters
  A draconian stormcaller (Zot:1)
  2 draconian annihilators
  19 very ugly things
  8 ironheart preservers
  19 stone giants
  2 vampire knights
  An entropy weaver (Vaults:5)
  2 green draconians
  A war gargoyle (Vaults:5)
  Nessos (D:14)
  3 black draconians
  3 deep elf demonologists
  A red draconian (Zot:1)
  6 deep elf annihilators
  4 purple draconians
  A white draconian (Zot:3)
  2 yellow draconians
  Snorg (D:11)
  9 spark wasps
  11 ettins
  3 merfolk javelineers
  8 deep elf death magi
  6 death oozes
  10 merfolk impalers
  13 yaktaur captains
  3 fire dragons
  6 deep elf high priests
  Josephine (D:12)
  Erolcha (D:13)
  25 vault guards
  7 great orbs of eyes
  A rakshasa (Vaults:1)
  5 hydras
  5 ice dragons
  2 spriggan air magi
  A catoblepas (Lair:6)
  10 centaur warriors
  6 merfolk avatars
  2 alligator snapping turtles
  2 deep troll shamans
  18 dancing weapons
  A death knight (Vaults:2)
  4 death yaks (Lair:6)
  5 merfolk aquamancers
  33 two-headed ogres
  A shambling mangrove (Abyss:3)
  10 ogre magi
  6 deep troll earth magi
  4 tengu warriors
  A vampire mage (Depths:1)
  2 spriggan berserkers (Depths:2)
  A soul eater (Depths:3)
  6 thrashing horrors
  5 orc high priests (Orc:2)
  10 deep elf knights
  Sonja (D:10)
  A titan skeleton (Depths:1)
  4 wretched stars
  7 skeletal warriors
  A fire crab (shapeshifter) (Vaults:5)
  A death drake (shapeshifter) (Vaults:5)
  17 deep trolls
  2 spatial maelstroms
  3 glowing orange brains (Abyss:4)
  An iron troll (D:14)
  8 sea snakes
  18 small abominations
  A flayed ghost (Vaults:5)
  5 unseen horrors
  7 deep elf archers
  20 orc knights
  2 phantasmal warriors
  A wizard (Depths:3)
  4 harpies
  12 starcursed masses
  5 necromancers
  12 ironbrand convokers
  2 tengu zombies
  Pikel (D:9)
  A mana viper (shapeshifter) (Depths:1)
  32 ugly things
  12 cyclopes
  8 orb spiders
  A wolf spider (shapeshifter) (Depths:3)
  An oklob plant (Lair:6)
  5 fauns
  A human zombie (Vaults:5)
  27 deep elf magi
  A shining eye (shapeshifter) (Vaults:5)
  3 shining eyes
  13 wolf spiders
  A salamander (Depths:3)
  8 manticores
  2 worldbinders (Abyss:3)
  5 orc sorcerers
  An elf zombie (Vaults:5)
  7 moths of wrath
  5 merfolk sirens
  2 frost giant skeletons (Depths:1)
  2 apocalypse crabs
  4 water nymphs
  5 smoke demons
  Psyche (D:11)
  4 eyes of devastation
  2 black mambas
  6 vault sentinels
  15 elephants (Lair:6)
  2 guardian serpents (shapeshifter)
  An ice statue (IceCv)
  An orange demon (Abyss:4)
  3 gargoyles
  4 spiny frogs
  45 yaktaurs
  5 demonic crawlers
  2 rime drakes
  A komodo dragon (shapeshifter) (D:14)
  A kobold demonologist (D:14)
  2 tengu conjurers
  5 komodo dragons
  2 red devils (Depths:3)
  A yaktaur skeleton (Depths:1)
  3 hellwings
  A golden dragon simulacrum (Depths:1)
  4 ancient zymes
  A queen bee (Lair:3)
  3 meliai (D:15)
  8 jumping spiders
  12 hornets
  21 merfolk
  17 polar bears
  A hornet (shapeshifter) (Vaults:2)
  7 trolls
  A wind drake (shapeshifter) (Vaults:2)
  2 raiju
  4 wind drakes
  8 hippogriffs
  7 blink frogs
  2 raiju (shapeshifter)
  5 snapping turtles
  A stone giant simulacrum (Vaults:5)
  77 slime creatures
  2 dream sheep (D:13)
  40 yaks
  3 wraiths (D:12)
  20 redbacks
  8 water elementals
  A shadow (D:12)
  3 flying skulls (Abyss:4)
  9 tarantellas
  2 ynoxinuls (Abyss:4)
  3 basilisks
  2 spriggans (Depths:2)
  2 wyverns
  3 hungry ghosts
  11 golden eyes
  2 neqoxecs (Abyss:4)
  Menkaure (Ossuary)
  11 vampire mosquitoes
  6 wargs
  An acid dragon (shapeshifter) (Vaults:4)
  4 spatial vortices
  2 acid dragons (D:14)
  2 soldier ants
  4 water moccasins
  3 hell hounds (Abyss:4)
  A floating eye (shapeshifter) (Vaults:5)
  5 porcupines
  2 floating eyes
  56 orc warriors
  12 ice beasts
  3 black bears
  A phantom (D:7)
  2 sky beasts
  A fire dragon simulacrum (Depths:1)
  5 eyes of draining
  26 wolves
  6 boggarts
  34 ogres
  37 centaurs
  A crocodile (shapeshifter) (Vaults:2)
  9 crocodiles
  6 big kobolds
  14 bullfrogs
  A gnoll sergeant (D:9)
  2 earth elementals
  7 scorpions
  22 killer bees (Lair:3)
  A water moccasin skeleton (D:9)
  3 howler monkeys (D:12)
  2 wights (D:9)
  2 electric eels
  9 crimson imps
  2 human simulacra
  2 quasits (D:13)
  3 jellies
  7 hounds
  4 bullfrog skeletons
  4 centaur skeletons
  23 orc priests
  13 orc wizards
  4 iguanas
  Ijyb (D:3)
  7 worker ants
  3 mummies (Ossuary)
  4 gnolls (D:9)
  A howler monkey skeleton (D:8)
  A howler monkey zombie (D:7)
  8 adders
  4 shadow imps
  An ooze (D:2)
  2 worms
  A dart slug (D:3)
  2 leopard geckos
  98 orcs
  3 giant cockroaches
  3 goblins
  A hobgoblin (D:1)
  13 jackals
  16 kobolds
  3 quokkas
  A frilled lizard (D:5)
  6 gnoll skeletons (Ossuary)
  3 gnoll zombies (Ossuary)
  A goblin skeleton (Ossuary)
  6 goblin zombies (Ossuary)
  4 hobgoblin skeletons (Ossuary)
  5 hobgoblin zombies (Ossuary)
  3 kobold zombies (Ossuary)
  6 orc skeletons (Ossuary)
  4 orc zombies (Ossuary)
  2 rats
  6 rat skeletons (Ossuary)
  4 rat zombies (Ossuary)
  2 crawling corpses (Elf:3)
  A lurking horror (Abyss:4)
  2 macabre masses (Abyss:4)
  5 starspawn tentacles (Abyss:3)
  A tentacle (Shoals:4)
1767 creatures vanquished.

Vanquished Creatures (collateral kills)
  A tentacled monstrosity (Vaults:5)
  An azure jelly (Slime:5)
  An ettin (Vaults:5)
  A death ooze (Slime:5)
  A deep elf high priest (Vaults:5)
  2 neqoxecs (Abyss:4)
  An ogre (Vaults:5)
  A wight (D:9)
  3 orcs (D:7)
12 creatures vanquished.

Vanquished Creatures (others)
  A deep elf elementalist (Elf:3)
  A dancing weapon (Elf:2)
  An orc high priest (Orc:2)
  A manticore (Shoals:1)
  A water elemental (Shoals:1)
  A goblin skeleton (Ossuary)
  A hobgoblin skeleton (Ossuary)
  4 fungi (Lair:6)
  23 plants
  4 starspawn tentacles
  15 tentacles
53 creatures vanquished.

Grand Total: 1832 creatures vanquished

Notes
Turn   | Place    | Note
-------+----------+-------------------------------------------
     0 | D:1      | ipx the Gargoyle Gladiator began the quest for the Orb.
     0 | D:1      | Reached XP level 1. HP: 12/12 MP: 1/1
   254 | D:2      | Reached XP level 2. HP: 14/17 MP: 2/2
   432 | D:3      | Reached XP level 3. HP: 2/21 MP: 3/3
   585 | D:2      | Reached skill level 5 in Maces & Flails
   585 | D:2      | Reached XP level 4. HP: 17/26 MP: 4/4
   721 | D:3      | Reached XP level 5. HP: 28/30 MP: 5/5
   831 | D:3      | Noticed Ijyb
   855 | D:3      | Killed Ijyb
   959 | D:4      | Reached skill level 1 in Evocations
   967 | D:4      | Reached XP level 6. HP: 17/35 MP: 5/7
  1008 | D:3      | Found a snail-covered altar of Cheibriados.
  1133 | D:4      | Found a staircase to the Ecumenical Temple.
  1140 | Temple   | Entered the Ecumenical Temple
  1190 | Temple   | Became a worshipper of Warmaster Okawaru
  1237 | D:5      | Entered Level 5 of the Dungeon
  1435 | D:5      | Reached XP level 7. HP: 26/40 MP: 9/9
  1468 | D:5      | Noticed a moth of wrath
  1470 | D:5      | Found a bloodstained altar of Trog.
  1734 | D:7      | Reached * piety under Okawaru
  1761 | D:7      | Noticed a hungry ghost
  1782 | D:7      | Killed a hungry ghost
  1782 | D:7      | Reached skill level 1 in Invocations
  1874 | D:7      | Found an opulent altar of Gozag.
  1907 | D:7      | Reached XP level 8. HP: 34/46 MP: 10/10
  1938 | D:7      | Reached ** piety under Okawaru
  1961 | D:7      | Found a sand-covered staircase.
  1965 | Ossuary  | Entered an ossuary
  2244 | Ossuary  | Noticed Menkaure
  2270 | Ossuary  | Killed Menkaure
  2633 | D:8      | Noticed a +0 hand axe
  2634 | D:8      | Noticed a +0 hand axe
  2637 | D:8      | Found a hide-covered altar of Uskayaw.
  2677 | D:8      | Found Duhal's Jewellery Shoppe.
  2704 | D:8      | Reached skill level 5 in Evocations
  2784 | D:8      | Reached skill level 1 in Armour
  2784 | D:8      | Reached XP level 9. HP: 51/52 MP: 12/12
  2786 | D:8      | Reached *** piety under Okawaru
  3095 | D:9      | Reached skill level 5 in Invocations
  3182 | D:9      | Noticed Pikel
  3191 | D:9      | Killed Pikel
  3191 | D:9      | Reached **** piety under Okawaru
  3191 | D:9      | Reached skill level 5 in Fighting
  3228 | D:10     | Entered Level 10 of the Dungeon
  3325 | D:10     | Received a gift from Okawaru
  3389 | D:10     | Reached XP level 10. HP: 45/60 MP: 14/14
  3439 | D:9      | Reached skill level 10 in Maces & Flails
  3522 | D:11     | Noticed a cyclops
  3554 | D:11     | Killed a cyclops
  3561 | D:11     | Noticed Psyche
  3570 | D:11     | Killed Psyche
  3594 | D:11     | Noticed Snorg
  3608 | D:11     | Killed Snorg
  3608 | D:11     | Reached ***** piety under Okawaru
  3608 | D:11     | Reached skill level 5 in Armour
  3654 | D:11     | Got a bloodstained leather armour
  3665 | D:11     | Identified the +2 leather armour of Submission {rC+ Str+4}
                  | (You found it on level 11 of the Dungeon)
  3721 | D:11     | Noticed a gargoyle
  3742 | D:11     | Killed a gargoyle
  3742 | D:11     | Received a gift from Okawaru
  3772 | D:11     | Found a staircase to the Lair.
  3899 | D:12     | Found a staircase to the Orcish Mines.
  3956 | D:12     | Reached XP level 11. HP: 32/67 MP: 16/16
  3970 | D:12     | Noticed a skeletal warrior
  4006 | D:12     | Killed a skeletal warrior
  4046 | Orc:1    | Entered Level 1 of the Orcish Mines
  4104 | Orc:1    | Noticed Jorgrun
  4106 | Orc:1    | Noticed an orc knight
  4110 | Orc:1    | Noticed a two-headed ogre
  4112 | Orc:1    | Noticed an orc sorcerer
  4115 | Orc:1    | Killed Jorgrun
  4121 | Orc:1    | Noticed a sun demon
  4399 | D:13     | Noticed a three-headed hydra
  4410 | D:13     | Killed a three-headed hydra
  4410 | D:13     | Reached ****** piety under Okawaru
  4435 | D:13     | Noticed a two-headed ogre
  4447 | D:13     | Killed a two-headed ogre
  4459 | D:13     | Noticed a cyclops
  4468 | D:13     | Killed a cyclops
  4518 | D:14     | Received a gift from Okawaru
  4544 | D:14     | Noticed Nessos
  4555 | D:14     | Killed Nessos
  4555 | D:14     | Reached XP level 12. HP: 72/72 MP: 18/18
  4582 | D:14     | Noticed a centaur warrior
  4596 | D:14     | Killed a centaur warrior
  4596 | D:14     | Received a gift from Okawaru
  4596 | D:14     | Reached skill level 5 in Dodging
  4597 | D:14     | Got a pair of transparent gloves {god gift}
  4611 | D:14     | Identified the +0 pair of gloves of the Equinox {rN+ Regen+
                  | Str+5 Int+4} (Okawaru gifted it to you on level 14 of the
                  | Dungeon)
  4714 | D:14     | Noticed a centaur warrior
  4730 | D:14     | Killed a centaur warrior
  4907 | D:13     | Noticed a two-headed ogre
  4918 | D:13     | Killed a two-headed ogre
  4952 | D:13     | Noticed Erolcha
  4963 | D:13     | Killed Erolcha
  5024 | D:13     | Found a portal to a secret trove of treasure.
  5157 | D:11     | Found Ucakusos's General Store.
  5170 | D:10     | Noticed Sonja
  5180 | D:10     | Killed Sonja
  5711 | D:8      | Bought the ring of Unecruwn {+Inv rElec rC+ AC+2 SInv} for
                  | 464 gold pieces
  5826 | Lair:1   | Entered Level 1 of the Lair of Beasts
  5841 | Lair:1   | Received a gift from Okawaru
  5932 | Lair:3   | Noticed a seven-headed hydra
  5941 | Lair:3   | Killed a seven-headed hydra
  5972 | Lair:4   | Reached XP level 13. HP: 78/78 MP: 19/19
  6007 | Lair:5   | Found a staircase to the Slime Pits.
  6037 | Lair:5   | Reached skill level 1 in Bows
  6104 | Lair:5   | Found a frozen archway.
  6158 | IceCv    | Entered an ice cave
  6182 | IceCv    | Gained mutation: Your spells are a little harder to cast,
                  | but a little more powerful. [potion of mutation]
  6182 | IceCv    | Gained mutation: Your mind is acute. (Int +2) [potion of
                  | mutation]
  6380 | IceCv    | Noticed a frost giant
  6418 | IceCv    | Killed a frost giant
  6418 | IceCv    | Reached skill level 5 in Bows
  6603 | IceCv    | Received a gift from Okawaru
  6703 | Lair:6   | Entered Level 6 of the Lair of Beasts
  6797 | Lair:6   | Received a gift from Okawaru
  6923 | Lair:6   | Reached skill level 10 in Fighting
  7071 | Lair:6   | Reached skill level 10 in Armour
  7077 | Lair:6   | Gained mutation: Your large and strong wings let you fly
                  | indefinitely. [Gargoyle growth]
  7077 | Lair:6   | Reached XP level 14. HP: 88/88 MP: 20/20
  7142 | Lair:6   | Received a gift from Okawaru
  7146 | Lair:6   | Got a faintly humming hat {god gift}
  7157 | Lair:6   | Identified the +0 hat of Wisdom {rPois rN+} (Okawaru gifted
                  | it to you on level 6 of the Lair of Beasts)
  7443 | Lair:6   | Found the +7 Kryia's mail coat {PotionHeal*2 rC+}
  8146 | Lair:2   | Found a staircase to the Shoals.
  8150 | Lair:2   | Reached skill level 15 in Maces & Flails
  8227 | Lair:2   | Received a gift from Okawaru
  8326 | Lair:2   | Found a hole to the Spider Nest.
  8461 | D:8      | Bought an uncursed ring of protection from fire for 275
                  | gold pieces
  8511 | D:9      | You are sucked into a shaft and drop 3 floors!
  8630 | Orc:2    | Entered Level 2 of the Orcish Mines
  8642 | Orc:2    | Noticed a stone giant
  8730 | Orc:1    | Noticed a stone giant
  8747 | Orc:1    | Killed a stone giant
  8983 | Orc:2    | Reached XP level 15. HP: 88/94 MP: 18/21
  9165 | Orc:2    | Received a gift from Okawaru
  9426 | Orc:2    | Found a staircase to the Elven Halls.
  9509 | Orc:2    | Found Komudix's Gadget Emporium.
  9509 | Orc:2    | Found Ypresilax's Antique Weapon Emporium.
  9510 | Orc:2    | Found Jajashruju's General Store.
  9510 | Orc:2    | Found Toaz's Food Emporium.
  9524 | Orc:2    | Bought a potion of heal wounds for 55 gold pieces
  9524 | Orc:2    | Bought a scroll of enchant weapon for 82 gold pieces
  9524 | Orc:2    | Bought a potion of mutation for 88 gold pieces
  9524 | Orc:2    | Bought a wand of paralysis (6) for 88 gold pieces
  9525 | Orc:2    | Bought a wand of acid (6) for 240 gold pieces
  9526 | Orc:2    | Bought a scroll of teleportation for 33 gold pieces
  9717 | Orc:2    | Received a gift from Okawaru
  9719 | Orc:2    | Got a crude dire flail {god gift}
  9720 | Orc:2    | Identified the +0 dire flail "Wipillog" {vorpal, +Inv Str+7
                  | Int-4 SInv} (Okawaru gifted it to you on level 2 of the
                  | Orcish Mines)
  9990 | D:13     | You are sucked into a shaft and drop 2 floors!
  9990 | D:15     | Entered Level 15 of the Dungeon
 10051 | D:15     | Identified Roxanne's Papyrus of Shape Shifting
 10051 | D:15     | Noticed Roxanne
 10311 | D:15     | Found a staircase to the Depths.
 10321 | Depths:1 | Entered Level 1 of the Depths
 10374 | Depths:1 | Found a gateway to Hell.
 10386 | Depths:1 | Found a gateway to a ziggurat.
 10480 | D:15     | Received a gift from Okawaru
 10985 | D:11     | Bought a scroll of magic mapping for 42 gold pieces
 10985 | D:11     | Bought a potion of haste for 120 gold pieces
 10985 | D:11     | Bought a scroll of magic mapping for 42 gold pieces
 10985 | D:11     | Bought a potion of ambrosia for 96 gold pieces
 10985 | D:11     | Bought a scroll of noise for 12 gold pieces
 11094 | D:12     | Noticed Josephine
 11109 | D:12     | Killed Josephine
 11109 | D:12     | Reached skill level 10 in Bows
 11219 | Spider:1 | Entered Level 1 of the Spider Nest
 11266 | Spider:1 | Reached XP level 16. HP: 86/101 MP: 17/22
 11410 | Spider:4 | Entered Level 4 of the Spider Nest
 11410 | Spider:4 | Noticed Louise
 11427 | Spider:4 | Killed Louise
 11655 | Spider:4 | Received a gift from Okawaru
 11656 | Spider:4 | Got a pair of translucent boots {god gift}
 11669 | Spider:4 | Identified the +3 pair of boots of the Last Wonders {+Fly
                  | rF- Regen+ Stlth+} (Okawaru gifted it to you on level 4 of
                  | the Spider Nest)
 11806 | Spider:4 | Got a gossamer rune of Zot
 11994 | Shoals:1 | Entered Level 1 of the Shoals
 12284 | Shoals:1 | Found a shimmering altar of Xom.
 12291 | Shoals:1 | Noticed a kraken
 12639 | Shoals:2 | Received a gift from Okawaru
 12757 | Shoals:4 | Entered Level 4 of the Shoals
 12766 | Shoals:4 | Reached XP level 17. HP: 106/106 MP: 23/23
 12951 | Shoals:4 | Received a gift from Okawaru
 13284 | Shoals:4 | Received a gift from Okawaru
 13288 | Shoals:4 | Got a blackened shortbow {god gift}
 13289 | Shoals:4 | Identified the +3 shortbow of Qashra {flame, rN+ MR+}
                  | (Okawaru gifted it to you on level 4 of the Shoals)
 13372 | Shoals:4 | Noticed a kraken
 13445 | Shoals:4 | Killed a kraken
 13452 | Shoals:4 | Got a barnacled rune of Zot
 13698 | Shoals:1 | Received a gift from Okawaru
 13876 | Slime:1  | Entered Level 1 of the Pits of Slime
 13887 | Slime:1  | Noticed an acid blob
 13927 | Slime:1  | Killed an acid blob
 13927 | Slime:1  | Received a gift from Okawaru
 13936 | Slime:1  | Paralysed by a great orb of eyes for 4 turns
 13938 | Slime:1  | HP: 4/106 [large slime creature (19)]
 14110 | Slime:1  | Paralysed by a great orb of eyes for 7 turns
 14112 | Slime:1  | Gained mutation: You are frail. (-10% HP) [a shining eye]
 14114 | Slime:1  | Gained mutation: Scrolls take you a little longer to read.
                  | [a shining eye]
 14117 | Slime:1  | Gained mutation: Your body sometimes deteriorates upon
                  | taking damage. [a shining eye]
 14142 | Slime:1  | Found a viscous altar of Jiyva.
 14145 | Slime:1  | Noticed an acid blob
 14146 | Slime:1  | Noticed an acid blob
 14162 | Slime:1  | Killed an acid blob
 14167 | Slime:1  | Killed an acid blob
 14361 | Slime:3  | Noticed an acid blob
 14420 | Slime:3  | Killed an acid blob
 14468 | Slime:3  | Reached XP level 18. HP: 88/100 MP: 19/24
 14485 | Slime:3  | Received a gift from Okawaru
 14501 | Slime:5  | Entered Level 5 of the Pits of Slime
 14599 | Slime:4  | Lost mutation: Your spells are a little harder to cast, but
                  | a little more powerful. [potion of mutation]
 14599 | Slime:4  | Lost mutation: You are frail. (-10% HP) [potion of
                  | mutation]
 14599 | Slime:4  | Gained mutation: Armour fits poorly on your strangely
                  | shaped body. [potion of mutation]
 14599 | Slime:4  | Gained mutation: You can translocate small distances at
                  | will. [potion of mutation]
 14599 | Slime:4  | Gained mutation: You have sharp toenails. [potion of
                  | mutation]
 14600 | Slime:4  | Lost mutation: Your mind is acute. (Int +2) [potion of
                  | mutation]
 14600 | Slime:4  | Lost mutation: Scrolls take you a little longer to read.
                  | [potion of mutation]
 14600 | Slime:4  | Gained mutation: You are clumsy. (Dex -2) [potion of
                  | mutation]
 14600 | Slime:4  | Gained mutation: You evolve. [potion of mutation]
 14600 | Slime:4  | Lost mutation: You are clumsy. (Dex -2) [potion of
                  | mutation]
 14648 | Slime:5  | Received a gift from Okawaru
 14727 | Slime:5  | Found a viscous altar of Jiyva.
 14728 | Slime:5  | Noticed the Royal Jelly
 14776 | Slime:5  | Received a gift from Okawaru
 14870 | Slime:5  | Found the ring of the Octopus King
 14871 | Slime:5  | Paralysed by a floating eye for 4 turns
 14903 | Slime:5  | HP: 5/112 [azure jelly[the Royal Jelly] (1)]
 15129 | Slime:5  | Killed the Royal Jelly
 15129 | Slime:5  | Received a gift from Okawaru
 15169 | Slime:5  | Identified the Guide on Earthen Enchantment
 15212 | Slime:5  | Got a slimy rune of Zot
 15261 | Slime:5  | Got a ring of the Octopus King
 15263 | Slime:5  | Identified a ring of the Octopus King {rC+ AC+1 EV+1 Str+1
                  | Int+1 Dex+1} (You found it on level 5 of the Pits of Slime)
 15299 | Slime:5  | Identified the Disquisition on Poison and Augmentations
 15382 | Lair:5   | Lost mutation: Armour fits poorly on your strangely shaped
                  | body. [potion of mutation]
 15382 | Lair:5   | Lost mutation: Your body sometimes deteriorates upon taking
                  | damage. [potion of mutation]
 15382 | Lair:5   | Gained mutation: You are agile. (Dex +2) [potion of
                  | mutation]
 15382 | Lair:5   | Gained mutation: Your muscles are strong. (Str +2) [potion
                  | of mutation]
 15846 | D:14     | Received a gift from Okawaru
 15856 | D:14     | Got a translucent quarterstaff {god gift}
 15865 | D:14     | Found a gate to the Vaults.
 15875 | Vaults:1 | Entered Level 1 of the Vaults
 16126 | Vaults:1 | Gained mutation: You have an increased reservoir of magic.
                  | (+10% MP) [evolution]
 16260 | Vaults:1 | Noticed Asterion
 16283 | Vaults:1 | Killed Asterion
 16283 | Vaults:1 | Reached skill level 15 in Bows
 16319 | Vaults:1 | Found a flickering gateway to a bazaar.
 16341 | Vaults:1 | Received a gift from Okawaru
 16363 | Bazaar   | Entered a bazaar
 16363 | Bazaar   | Found Keklitti's Assorted Antiques.
 16363 | Bazaar   | Found Kifashoe's Magic Scroll Emporium.
 16367 | Bazaar   | Found Vinalal's Book Shoppe.
 16378 | Bazaar   | Found Axe Lyps's Magic Scroll Emporium.
 16386 | Bazaar   | Bought a scroll of enchant weapon for 120 gold pieces
 16386 | Bazaar   | Bought 2 scrolls of enchant weapon for 240 gold pieces
 16390 | Bazaar   | Bought a scroll of magic mapping for 45 gold pieces
 16390 | Bazaar   | Bought a scroll of blinking for 97 gold pieces
 16396 | Bazaar   | Bought a potion of mutation for 208 gold pieces
 16396 | Bazaar   | Bought a fuming ruby potion for 23 gold pieces
 16402 | Bazaar   | Bought a scroll of identify for 26 gold pieces
 16403 | Bazaar   | Bought a scroll of identify for 26 gold pieces
 16404 | Bazaar   | Bought a scroll of identify for 26 gold pieces
 16406 | Bazaar   | Bought a scroll of enchant armour for 97 gold pieces
 16420 | Bazaar   | Bought a cloak for 117 gold pieces
 16558 | Vaults:1 | Noticed a Hell Sentinel
 16567 | Vaults:1 | Received a gift from Okawaru
 16568 | Vaults:1 | Noticed a Tzitzimitl
 16568 | Vaults:1 | Reached XP level 19. HP: 102/118 MP: 23/27
 16593 | Vaults:1 | Received a gift from Okawaru
 16594 | Vaults:1 | Got a translucent longbow {god gift}
 16595 | Vaults:1 | Identified the +5 longbow "Fotefuwi" {venom, rElec}
                  | (Okawaru gifted it to you on level 1 of the Vaults)
 16878 | Vaults:2 | Received a gift from Okawaru
 16914 | Vaults:2 | Reached skill level 10 in Dodging
 16947 | Vaults:2 | Received a gift from Okawaru
 17021 | Vaults:2 | Lost mutation: You have sharp toenails. [evolution]
 17034 | Vaults:2 | Received a gift from Okawaru
 17241 | Vaults:3 | Received a gift from Okawaru
 17420 | Vaults:4 | Noticed Saint Roka
 17631 | Vaults:4 | Killed Saint Roka
 17818 | Vaults:5 | Entered Level 5 of the Vaults
 17859 | Vaults:5 | Reached XP level 20. HP: 98/127 MP: 14/28
 17898 | Vaults:5 | Found Dyuppuu's Gadget Shoppe.
 17961 | Vaults:5 | Noticed Bai Suzhen
 18072 | Vaults:5 | Received a gift from Okawaru
 18125 | Vaults:5 | Received a gift from Okawaru
 18214 | Vaults:5 | Received a gift from Okawaru
 18249 | Vaults:5 | Reached skill level 15 in Fighting
 18404 | Vaults:5 | Received a gift from Okawaru
 18451 | Vaults:5 | Received a gift from Okawaru
 18526 | Vaults:5 | Received a gift from Okawaru
 18635 | Vaults:5 | Found Dabbial's Antique Armour Boutique.
 18663 | Vaults:5 | Reached skill level 15 in Armour
 18696 | Vaults:5 | Reached XP level 21. HP: 136/136 MP: 29/29
 18712 | Vaults:5 | Got a silver rune of Zot
 18772 | Vaults:5 | Received a gift from Okawaru
 18866 | Vaults:5 | Lost mutation: Your muscles are strong. (Str +2)
                  | [evolution]
 18941 | Vaults:5 | Received a gift from Okawaru
 19027 | Vaults:5 | Received a gift from Okawaru
 19028 | Vaults:5 | Identified the +7 ice dragon scales of Bad Feelings {+Inv
                  | rF- rC++} (Okawaru gifted it to you on level 5 of the
                  | Vaults)
 19160 | Vaults:5 | Killed Bai Suzhen
 19571 | Vaults:5 | Bought a pair of glowing boots for 262 gold pieces
 19582 | Vaults:5 | Identified a +0 pair of boots of running (You bought it in
                  | a shop on level 5 of the Vaults)
 19901 | Vaults:2 | Received a gift from Okawaru
 19904 | Vaults:2 | Found a staircase to the Crypt.
 19904 | Vaults:2 | Found an ancient bone altar of Kikubaaqudgha.
 19905 | Vaults:2 | Found a basalt altar of Yredelemnul.
 20178 | D:13     | Reached XP level 22. HP: 144/144 MP: 30/30
 20317 | Elf:1    | Entered Level 1 of the Elven Halls
 20399 | Elf:2    | Received a gift from Okawaru
 20617 | Elf:2    | Received a gift from Okawaru
 20764 | Elf:2    | Found a runed translucent gate.
 20764 | Elf:2    | Found a runed translucent gate.
 20765 | Elf:2    | Found a runed translucent gate.
 20832 | Elf:3    | Entered Level 3 of the Elven Halls
 21006 | Elf:2    | Received a gift from Okawaru
 21158 | Elf:3    | Identified the ring "Kigroyr" {Fire Dex+3}
 21321 | Elf:3    | Identified the +4 leather armour of Opybroqi {-Tele rElec
                  | rN+}
 21387 | Elf:3    | Identified Further Steps in Sorcery
 21403 | Elf:3    | Identified the +4 scale mail of Montul {rElec rC- rCorr
                  | Slay+4} (You found it on level 3 of the Elven Halls)
 21455 | Elf:3    | Identified the cursed +1 crystal plate armour "Coeh"
                  | {Str+4} (You found it on level 3 of the Elven Halls)
 21552 | Elf:3    | Found the +7 sceptre of Torment {pain, torment}
 21568 | Elf:3    | Identified Sif Muna's Disquisition on Venomous Enchantment
 21718 | Orc:2    | Bought a phantom mirror for 360 gold pieces
 21719 | Orc:2    | Bought 15 arrows for 33 gold pieces
 22043 | Depths:1 | Received a gift from Okawaru
 22044 | Depths:1 | Identified the +6 longbow "Pefos" {venom, rElec Int-4
                  | Stlth+} (Okawaru gifted it to you on level 1 of the Depths)
 22165 | Depths:1 | Noticed a caustic shrike
 22184 | Depths:1 | Killed a caustic shrike
 22269 | Depths:1 | Found a runed translucent gate.
 22269 | Depths:1 | Found a runed translucent gate.
 22269 | Depths:1 | Found a runed translucent gate.
 22281 | Depths:1 | Reached XP level 23. HP: 153/153 MP: 31/31
 22311 | Depths:2 | Received a gift from Okawaru
 22441 | Depths:1 | Received a gift from Okawaru
 22513 | Depths:1 | Noticed a golden dragon
 22538 | Depths:1 | Identified the ring "Yliut" {rC+ Slay+5 Stlth+}
 22555 | Depths:1 | Killed a golden dragon
 22557 | Depths:1 | Received a gift from Okawaru
 22580 | Depths:1 | Got a fine great mace {god gift}
 22581 | Depths:1 | Identified the +6 great mace of Midnight {vorpal, Int+5}
                  | (Okawaru gifted it to you on level 1 of the Depths)
 22918 | Depths:2 | Found a one-way gate to the infinite horrors of the Abyss.
 22941 | Depths:3 | Cast into level 2 of the Abyss (a wizard)
 23029 | Abyss:2  | Received a gift from Okawaru
 23087 | Abyss:2  | Found a corrupted altar of Lugonu.
 23446 | Abyss:4  | Found a corrupted altar of Lugonu.
 23552 | Abyss:4  | Received a gift from Okawaru
 23561 | Abyss:4  | Gained mutation: You are weak. (Str -2) [a neqoxec]
 23648 | Abyss:4  | Lost mutation: You are agile. (Dex +2) [a neqoxec]
 23982 | Abyss:4  | Got an abyssal rune of Zot
 23992 | Abyss:4  | Identified the +4 lajatang "Kiqaiph" {venom, MR- MP+9
                  | Dex+5} (You found it on level 4 of the Abyss)
 24022 | Abyss:5  | Entered Level 5 of the Abyss
 24049 | Abyss:5  | Found a stormy altar of Qazlal.
 24086 | Depths:3 | Escaped the Abyss
 24131 | Depths:4 | Reached XP level 24. HP: 161/161 MP: 31/31
 24346 | Depths:3 | Received a gift from Okawaru
 24506 | Depths:3 | Received a gift from Okawaru
 24605 | Depths:5 | Entered Level 5 of the Depths
 24619 | Depths:5 | Identified a scroll of acquirement
 24629 | Depths:5 | Found Ciomafeul's Gadget Emporium.
 24659 | Depths:5 | Found a gate to the Realm of Zot.
 24682 | Zot:1    | Entered Level 1 of the Realm of Zot
 24731 | Zot:2    | Received a gift from Okawaru
 24742 | Zot:2    | Received a gift from Okawaru
 25037 | Zot:2    | Received a gift from Okawaru
 25079 | Zot:2    | Received a gift from Okawaru
 25113 | Zot:2    | Received a gift from Okawaru
 25270 | Zot:5    | Entered Level 5 of the Realm of Zot
 25275 | Zot:5    | Reached skill level 10 in Invocations
 25300 | Zot:5    | Noticed a curse toe
 25316 | Zot:5    | Killed a curse toe
 25366 | Zot:5    | Received a gift from Okawaru
 25496 | Zot:4    | Received a gift from Okawaru
 25521 | Zot:5    | Noticed an orb of fire
 25536 | Zot:4    | Annihilated by an Orb Guardian

Levels and vault maps discovered:
D:1:      lemuel_arrival_river_bridge, layout_loops_ring, item_on_display_a
D:2:      layout_basic, lemuel_coloured_pillars_altar, grunt_decor_fettered
D:3:      layout_basic, kennysheep_slug_shrine, uniq_ijyb
D:4:      layout_cave_pools, temple_fountains, ebering_ghost_rock_garden,
          supply_closet_lemuel, st_stairs_6, uniq_grinder
D:5:      layout_rooms, first_ration, grunt_ministairs_12, tgw_trog
D:6:      layout_loops_ring, tgw_kikubaaqudgha
D:7:      layout_rooms, nicolae_gozag_cash_rules_everything_around_me,
          serial_shops, shop, enter_ossuary_5
D:8:      layout_rooms, dancing_weapons_uskayaw, serial_shops,
          nicolae_shop_waterfront
D:9:      cheibrodos_wizards_tower, layout_irregular_city,
          gammafunk_temple_overflow_elements, uniq_grum, uniq_maurice,
          uniq_pikel
D:10:     layout_big_octagon, uniq_sonja
D:11:     layout_small_grid, lair_entry_dummy, serial_shops,
          nicolae_shop_statue_plus, uniq_psyche, uniq_snorg
D:12:     layout_rooms, david_orc_2, serial_co_window_serial, co_window_paths_b,
          co_window_paths_b, co_window_corner_a, co_window_of_opportunity_a,
          co_window_of_opportunity_a, co_window_paths_c, co_window_corner_b,
          co_window_corner_b, co_window_corner_ca, co_window_broadway_b,
          co_window_unsneaky_path_c, co_window_corner_b, co_window_4corner_b,
          glass_columns_c, glass_columns_b, glass_columns_c, uniq_josephine
D:13:     layout_loops_ring, enter_trove_6, hangedman_ranch
          [blue_anna_fruit_fields], ebering_dispersal_statue_hall, uniq_erolcha
D:14:     layout_basic, david_vaults_4, roderic_lattice_octagonal_star,
          lightli_minifort, uniq_nessos
D:15:     grunt_enter_depths_snipers, layout_basic, minivault_23, uniq_roxanne
Temple:   eino_wide_crystal_templ
Lair:1:   layout_roguey
Lair:2:   layout_chaotic_city, minmay_shoals_entry_centaurs,
          nicolae_spider_entry_orb_guardian, minmay_lair_oklob_chamber,
          infiniplex_staircase_pool
Lair:3:   layout_roguey [special_room_bee]
Lair:4:   minmay_guarded_unrand_snakebite, layout_misc_corridors,
          serial_bayou_shore_b
Lair:5:   layout_roguey, slime_dummy, portal_ice_cave_entry_ice_beasts
Lair:6:   grunt_lair_end_beastmaster, layout_loops_ring, grunt_megastairs_3
Shoals:1: layout_shoals, wheals_shoals_ruined_temple
Shoals:2: layout_shoals, st_sunken_huts
Shoals:3: layout_shoals
Shoals:4: shoals_end_hangedman, layout_shoals
Spider:1: nicolae_spider_mines_2
Spider:2: layout_chambers
Spider:3: layout_spider_delve
Spider:4: spider_rune_water, uniq_louise
Slime:1:  layout_caves, basic_altar
Slime:2:  layout_caves
Slime:3:  layout_caves
Slime:4:  layout_caves
Slime:5
Orc:1:    layout_caves, nicolae_orc_flooded_monolith, uniq_jorgrun
Orc:2:    st_orc_pillars, layout_caves
Elf:1:    layout_geoelf_grid, kennysheep_underground_church
Elf:2:    layout_gridlike
Elf:3:    grunt_elf_hall_branching, layout_geoelf_grid, hangedman_elven_ridges
Vaults:1: hangedman_vaults_river_flow, hangedman_vaults_stretched_pinwheel,
          vaults_dpeg_spiral, v_misc_5, nicolae_vaults_ring_of_whatevers,
          grunt_vaults_bifocal, vaults_mumra_hexcomb,
          nicolae_vaults_little_squares_4, ontoclasm_vaults_hangar, v_misc_19,
          nicolae_vaults_windows_and_doors_thing, vaults_dpeg_ring,
          hangedman_vaults_nails, layout_vaults_big_cross, serial_shops,
          bzr_entry_customers, uniq_asterion
Vaults:2: v_misc_9, v_rooms_6, minmay_crypt_entry_necro_gods,
          nicolae_vaults_angled_halls, ontoclasm_vaults_pinch,
          nicolae_vaults_ninety_degrees, v_alt_pattern_5,
          nicolae_vaults_network_star, vaults_room_pool,
          hangedman_vaults_slither, nicolae_vaults_little_squares_3,
          nicolae_vaults_diagonal_hallway_7, v_misc_16,
          layout_vaults_maze_snakey, serial_shops, nicolae_shop_statue_plus,
          uniq_margery
Vaults:3: advil_vaults_ghost_guards, nicolae_vaults_circle_grid_a,
          nicolae_vaults_yaktaur_gun_rack, nicolae_vaults_little_squares_3,
          vaults_room_stairs_pillars, vaults_room_door_hall,
          layout_vaults_omnigrid
Vaults:4: vaults_room_pool, vaults_room_pool, nicolae_vaults_c_with_doors,
          nicolae_vaults_border_crossing, vaults_mumra_minichess_inversion,
          v_misc_24, hangedman_vaults_stitches, ontoclasm_vaults_hangar,
          nicolae_vaults_diagonal_hallway_6, ontoclasm_vaults_ligature,
          ontoclasm_vaults_ring_square, ontoclasm_vaults_chip,
          nicolae_vaults_network_square, layout_vaults_ring, uniq_saint_roka
Vaults:5: serial_shops, uniq_bai_suzhen
Depths:1: minmay_three_patterns, layout_basic, enter_ziggurat_f,
          skrybe_limestone_x, hell_entry, pandoras_box_mu,
          kennysheep_random_hallway
Depths:2: grunt_house_of_mirrors, layout_basic, serial_shops, shop_statue,
          minmay_misc_feat_plants, hell_entry, abyss_entry,
          minmay_staircase_windowed_large
Depths:3: lightli_eight_chambers, layout_basic, pan_entry, hellmouth_1,
          minmay_shop_grove
Depths:4: cross_vault, layout_gridlike, hangedman_abyss_entry_splay, pan_entry,
          hell_entry, solitary_fountain, infiniplex_staircase_door_maze
Depths:5: hangedman_spin_cycle, hell_entry
Zot:1:    kennysheep_blocky_room, layout_basic
Zot:2:    layout_onion_interference
Zot:3:    kennysheep_ambush_hall, layout_gridlike
Zot:4:    grunt_zot_stairs_overgrown, layout_concentric_octagons,
          st_large_dragon_hoard_2
Zot:5:    layout_cathedral_of_symmetry

Skill      XL: |  1  2  3  4  5  6  7  8  9 10 11 12 13 14 15 16 17 18 19 20 21 22 23 24 |
---------------+-------------------------------------------------------------------------+-----
Maces & Flails | 4 5 6 7 8 9 11 12 14 15 16 18 20 | 20.0
Evocations     | 1 2 3 5 6 7 8 |  8.0
Fighting       | 3 4 5 7 8 10 11 12 14 15 17 18 19 20 | 20.0
Invocations    | 2 4 5 6 8 11 | 11.1
Armour         | 1 3 6 7 9 10 11 13 15 16 17 19 20 | 20.0
Dodging        | 3 4 6 7 9 10 12 13 | 13.4
Throwing       | 3 |  3.0
Bows           | 7 8 10 11 13 15 17 18 19 20 | 20.0

Action                   |  1- 3 |  4- 6 |  7- 9 | 10-12 | 13-15 | 16-18 | 19-21 | 22-24 || total
-------------------------+-------+-------+-------+-------+-------+-------+-------+-------++-------
Melee: Flail             |    60 |   193 |   449 |   502 |  1375 |       |       |       ||  2579
       Punch             |       |       |     1 |     5 |     7 |       |       |       ||    13
       Dire flail        |       |       |       |    30 |    20 |       |       |       ||    50
       Morningstar       |       |       |       |       |     2 |       |       |       ||     2
       Great mace        |       |       |       |       |   405 |  1313 |   900 |  1071 ||  3689
       Kick              |       |       |       |       |       |   127 |    88 |       ||   215
       Eveningstar       |       |       |       |       |       |       |       |    33 ||    33
 Fire: Longbow           |       |       |       |       |    78 |   169 |   465 |   473 ||  1185
Throw: Throwing net      |     3 |     8 |     1 |     4 |       |     2 |     1 |     2 ||    21
       Dart              |       |     9 |    26 |    25 |    14 |     4 |     1 |    10 ||    89
Invok: Heroism           |       |       |     1 |     7 |    20 |    38 |    21 |    23 ||   110
       Finesse           |       |       |       |       |     1 |     4 |     7 |    11 ||    23
 Abil: Evoke Invisibilit |       |       |       |     1 |     9 |     4 |     1 |     6 ||    21
       Fly               |       |       |       |       |     1 |     2 |       |       ||     3
       Stop Flying       |       |       |       |       |       |     2 |       |       ||     2
Evoke: Wand              |       |     1 |     7 |    20 |    25 |    33 |    12 |    19 ||   117
       Box of beasts     |       |       |       |       |       |     7 |       |       ||     7
       Phantom mirror    |       |       |       |       |       |     1 |       |       ||     1
       Lamp of fire      |       |       |       |       |       |       |     2 |       ||     2
       Sack of spiders   |       |       |       |       |       |       |       |     3 ||     3
  Use: Potion            |       |     1 |       |     6 |     9 |    16 |     5 |    10 ||    47
       Scroll            |       |     7 |     3 |     1 |     8 |    21 |    16 |    27 ||    83
 Stab: Held in net/web   |       |     1 |       |     4 |       |     2 |       |       ||     7
       Invisible         |       |       |     1 |     4 |    28 |    25 |       |    26 ||    84
       Paralysed         |       |       |     7 |    18 |     3 |       |       |       ||    28
       Sleeping          |       |       |       |     8 |       |     5 |       |       ||    13
       Petrifying        |       |       |       |       |     2 |       |       |       ||     2
       Petrified         |       |       |       |       |     1 |       |       |       ||     1
       Distracted        |       |       |       |       |       |     2 |     1 |       ||     3
  Eat: Chunk             |       |     3 |     7 |     2 |     7 |     2 |       |       ||    21
       Ration            |       |       |     2 |     3 |     4 |     6 |     4 |     7 ||    26
Armor: Leather armour    |     5 |       |       |       |       |       |       |       ||     5
       Ring mail         |    19 |    12 |       |       |       |       |       |       ||    31
       Chain mail        |       |    84 |   168 |    19 |       |   139 |   419 |   114 ||   943
       Troll leather arm |       |       |       |     3 |       |       |       |       ||     3
       Plate armour      |       |       |       |   206 |   422 |       |       |       ||   628
       Skin              |       |       |       |       |    44 |       |       |       ||    44
       Scale mail        |       |       |       |       |   529 |   506 |       |       ||  1035
       Acid dragon scale |       |       |       |       |       |   257 |       |       ||   257
       Crystal plate arm |       |       |       |       |       |       |       |   513 ||   513
Dodge: Dodged            |    41 |    99 |   227 |   316 |  1464 |  1085 |   556 |   781 ||  4569
       Deflected         |       |       |       |       |       |     9 |    57 |    50 ||   116

Table legend:
 A = Non-vault XP
 B = Vault XP
 C = Vault XP percentage of total XP
 D = Non-vault monster count
 E = Vault monster count
 F = Vault count percentage of total count
                 A         B        C        D         E       F
            +---------+---------+-------+---------+---------+-------
      Total |  493424 |  464796 |  48.5 |    1092 |     656 |  37.5
            +---------+---------+-------+---------+---------+-------
        D:1 |       7 |       0 |   0.0 |       4 |       0 |   0.0
        D:2 |      94 |       0 |   0.0 |      10 |       0 |   0.0
        D:3 |     153 |      40 |  20.7 |      13 |       2 |  13.3
        D:4 |     157 |      14 |   8.2 |       5 |       1 |  16.7
        D:5 |     284 |      74 |  20.7 |      10 |       2 |  16.7
        D:6 |       6 |       0 |   0.0 |       2 |       0 |   0.0
        D:7 |    1467 |       0 |   0.0 |      23 |       0 |   0.0
        D:8 |     916 |       0 |   0.0 |      21 |       0 |   0.0
        D:9 |     877 |     617 |  41.3 |      24 |       1 |   4.0
       D:10 |     909 |     795 |  46.7 |       6 |       1 |  14.3
       D:11 |    1608 |    1622 |  50.2 |      23 |       2 |   8.0
       D:12 |    5374 |    1936 |  26.5 |      20 |      12 |  37.5
       D:13 |    7833 |    3218 |  29.1 |      39 |       9 |  18.8
       D:14 |    9942 |    6652 |  40.1 |      38 |       8 |  17.4
       D:15 |   13902 |    2480 |  15.1 |      41 |       3 |   6.8
     Lair:1 |    1049 |       0 |   0.0 |       4 |       0 |   0.0
     Lair:2 |    2058 |    1700 |  45.2 |      14 |       8 |  36.4
     Lair:3 |    2590 |    1683 |  39.4 |       7 |      23 |  76.7
     Lair:4 |    3072 |       0 |   0.0 |      15 |       0 |   0.0
     Lair:5 |    5850 |    1050 |  15.2 |      24 |       8 |  25.0
     Lair:6 |   10041 |   12504 |  55.5 |      36 |      27 |  42.9
   Shoals:1 |   12906 |    2796 |  17.8 |      28 |       5 |  15.2
   Shoals:2 |    5454 |    6945 |  56.0 |       9 |       9 |  50.0
   Shoals:3 |     309 |       0 |   0.0 |       1 |       0 |   0.0
   Shoals:4 |   12574 |   14858 |  54.2 |      26 |      21 |  44.7
   Spider:1 |    1787 |       0 |   0.0 |       5 |       0 |   0.0
   Spider:2 |    4689 |       0 |   0.0 |      14 |       0 |   0.0
   Spider:3 |     367 |       0 |   0.0 |       1 |       0 |   0.0
   Spider:4 |    3599 |   23643 |  86.8 |      11 |      43 |  79.6
    Slime:1 |   15542 |       0 |   0.0 |      18 |       0 |   0.0
    Slime:2 |    2133 |       0 |   0.0 |       5 |       0 |   0.0
    Slime:3 |    6701 |       0 |   0.0 |      11 |       0 |   0.0
    Slime:4 |    6981 |       0 |   0.0 |      16 |       0 |   0.0
    Slime:5 |    1043 |   29722 |  96.6 |       3 |      15 |  83.3
      Orc:1 |    5613 |    2967 |  34.6 |      39 |       1 |   2.5
      Orc:2 |    6926 |   11088 |  61.6 |      45 |      63 |  58.3
      Elf:1 |    1457 |       0 |   0.0 |       2 |       0 |   0.0
      Elf:2 |    8869 |   27425 |  75.6 |      14 |      30 |  68.2
      Elf:3 |    6779 |   35293 |  83.9 |      10 |      24 |  70.6
   Vaults:1 |   29455 |    5367 |  15.4 |      65 |       6 |   8.5
   Vaults:2 |   33995 |   13257 |  28.1 |      44 |      28 |  38.9
   Vaults:3 |    1944 |       0 |   0.0 |       2 |       0 |   0.0
   Vaults:4 |   28200 |   33671 |  54.4 |      52 |      38 |  42.2
   Vaults:5 |   32977 |  123401 |  78.9 |      49 |      88 |  64.2
   Depths:1 |   43125 |   25585 |  37.2 |      51 |      16 |  23.9
   Depths:2 |   21818 |    5069 |  18.9 |      42 |       3 |   6.7
   Depths:3 |   28969 |    1525 |   5.0 |      37 |       4 |   9.8
   Depths:4 |     728 |       0 |   0.0 |       4 |       0 |   0.0
   Depths:5 |       0 |    6126 | 100.0 |       0 |       6 | 100.0
      Zot:1 |   13437 |       0 |   0.0 |       8 |       0 |   0.0
      Zot:2 |   29305 |       0 |   0.0 |      16 |       0 |   0.0
      Zot:3 |    4922 |       0 |   0.0 |       4 |       0 |   0.0
      Zot:4 |    3023 |    5559 |  64.8 |       3 |       2 |  40.0
      Zot:5 |   13610 |   19511 |  58.9 |       6 |       7 |  53.8
    Abyss:2 |    7805 |       0 |   0.0 |      15 |       0 |   0.0
    Abyss:3 |   10609 |    1864 |  14.9 |      16 |       3 |  15.8
    Abyss:4 |   16783 |   24444 |  59.3 |      39 |      54 |  58.1
    Abyss:5 |     801 |       0 |   0.0 |       2 |       0 |   0.0
    Ossuary |       0 |     270 | 100.0 |       0 |      47 | 100.0
      IceCv |       0 |   10025 | 100.0 |       0 |      36 | 100.0
            +---------+---------+-------+---------+---------+-------
